 Dungeon Crawl Stone Soup version 0.28-a0-863-g8cecda6153 (webtiles) character file.

Game seed: 13431257290916414014

58 ytrimaz the Covered (level 4, -2/29 HPs)
             Began as a Gargoyle Fighter on Nov 19, 2021.
             Slain by a black bear (4 damage)
             ... on level 3 of the Dungeon.
             The game lasted 00:04:08 (1917 turns).

ytrimaz the Covered (Gargoyle Fighter)              Turns: 1917, Time: 00:04:10

Health: -2/29      AC: 10    Str: 21    XL:     4   Next: 1%
Magic:  4/4        EV:  7    Int:  8    God:
Gold:   128        SH: 15    Dex:  9    Spells: 3/3 levels left

rFire   . . .      SeeInvis .   a - +0 war axe
rCold   . . .      Faith    .   g - +2 kite shield
rNeg    + . .      Spirit   .   b - +0 scale mail
rPois   ∞          Reflect  +   (no helmet)
rElec   +          Harm     .   (no cloak)
rCorr   .          Rampage  .   (no gloves)
Will    .....                   (no boots)
Stlth   ..........              j - amulet of reflection
HPRegen 0.09/turn               (no ring)
MPRegen 0.09/turn               (no ring)

@: mighty
A: sickness immunity, AC +3, negative energy resistance 1, electricity
resistance, torment resistance 1, petrification resistance
a: no special abilities


You were on level 3 of the Dungeon.
You visited 1 branch of the dungeon, and saw 3 of its levels.

You collected 128 gold pieces.

Inventory:

Hand Weapons
 a - a +0 war axe (weapon)
Armour
 b - a +0 scale mail (worn)
 g - a +2 kite shield (worn)
Jewellery
 c - an amulet of magic regeneration
 j - an amulet of reflection (around neck)
Scrolls
 f - a scroll of enchant weapon {unknown}
 i - 2 scrolls of fog
 k - a scroll of vulnerability {unknown}
Potions
 e - a potion of brilliance
 h - a potion of lignification {unknown}


   Skills:
 + Level 3.6 Fighting
 + Level 2.4 Axes
 + Level 3.9 Armour
 + Level 3.9 Shields


You had 3 spell levels left.
You didn't know any spells.
Your spell library was empty.

Dungeon Overview and Level Annotations

Branches:
Dungeon (3/15)

Altars:


Innate Abilities, Weirdness & Mutations

You are immune to sickness and miasma.
Your stone body is resilient. (AC +3)
You are immune to poison.
You resist negative energy. (rN+)
You are resistant to electric shocks. (rElec)
You are resistant to unholy torment.
You are immune to petrification.


Message History

Done exploring.
Done exploring.
You see here a +0 short sword.
There is a stone staircase leading down here.
You climb downwards.
You hear the sound of rushing water.
There is an entrance to a sewer on this level.
Hurry and find it before the portal rusts away!
The black bear growls angrily.
There is a stone staircase leading up here.
A black bear is nearby!
A black bear is nearby!
You hit the black bear.
The black bear is lightly wounded.
The black bear bites you. You block the black bear's attack.
The black bear claws you but does no damage.
You barely miss the black bear.
The black bear is lightly wounded.
The black bear bites you! You block the black bear's attack. x2
The black bear bites you but does no damage.
The black bear claws you. The black bear barely misses you.
You closely miss the black bear. The black bear bites you.
The black bear claws you but does no damage.
You block the black bear's attack.
Okay, then.
You closely miss the black bear. The black bear bites you.
You block the black bear's attack. x2
The black bear bites you but does no damage.
The black bear closely misses you. The black bear claws you.
* * * LOW HITPOINT WARNING * * *
You feel very mighty all of a sudden. The black bear barely misses you.
The black bear claws you.
* * * LOW HITPOINT WARNING * * *
You block the black bear's attack.
You slash the black bear!
The black bear is heavily wounded.
You block the black bear's attack. The black bear claws you.
* * * LOW HITPOINT WARNING * * *
You block the black bear's attack. The black bear barely misses you.
The black bear claws you.
You die... ####.#### ......h@# #########

You could see a black bear.

Vanquished Creatures
  An adder (D:2)
  4 endoplasms
  3 giant cockroaches
  6 goblins
  3 hobgoblins (D:1)
  3 jackals (D:1)
  8 kobolds
  2 quokkas
  3 ball pythons
  5 frilled lizards
  5 rats
43 creatures vanquished.

Notes
Turn   | Place    | Note
-------+----------+-------------------------------------------
     0 | D:1      | ytrimaz the Gargoyle Fighter began the quest for the Orb.
     0 | D:1      | Reached XP level 1. HP: 14/14 MP: 1/1
   238 | D:1      | Reached XP level 2. HP: 18/19 MP: 2/2
   473 | D:1      | Found a faded altar of an unknown god.
   821 | D:1      | Reached XP level 3. HP: 21/23 MP: 3/3
  1803 | D:2      | Reached XP level 4. HP: 28/29 MP: 4/4
  1911 | D:3      | Noticed a black bear
  1917 | D:3      | Slain by a black bear

Illustrated notes

Levels and vault maps discovered:
D:1:      dpeg_arrival_morbid_curiosity, layout_basic,
          hellmonk_ecumenical_altar_zigzags
D:2:      minmay_spotlight, layout_rooms
D:3:      layout_basic, mainiacjoe_overflow_brackets,
          cheibrodos_sewer_entry_bend, uniq_sigmund

Skill      XL: |  1 |
---------------+----+-----
Axes           | 2 |  2.4
Fighting       | |  3.6
Armour         | |  3.9
Shields        | |  3.9

Action                   |  1- 3 |  4- 6 || total
-------------------------+-------+-------++-------
Melee: War axe           |   107 |     5 ||   112
  Use: Scroll            |     3 |       ||     3
       Potion            |       |     1 ||     1
Armor: Scale mail        |    48 |     4 ||    52
Dodge: Dodged            |    49 |     4 ||    53
Block: Buckler           |     5 |       ||     5
       Kite shield       |    70 |     9 ||    79
       Reflection        |     2 |       ||     2

Table legend: (Time is in decaauts)
 A = Elapsed time spent in this place.
 B = Non-inter-level travel time spent in this place.
 C = Inter-level travel time spent in this place.
 D = Time resting spent in this place.
 E = Time spent auto-exploring this place.
 F = Levels seen in this place.
 G = Mean time per level.
                   A        B        C        D        E       F      G
               +--------+--------+--------+--------+--------+-----+--------+
         Total |   1982 |   1931 |     51 |    123 |   1427 |   3 |  660.7 |
       Dungeon |   1982 |   1931 |     51 |    123 |   1427 |   3 |  660.7 |
               +--------+--------+--------+--------+--------+-----+--------+

Top non-repeatable levels by time:
     D:1: 1336 daAuts
     D:2: 638 daAuts
     D:3: 8 daAuts
